 Dungeon Crawl Stone Soup version 0.18-b1-16-g289874d (webtiles) character file.

17 Freud the Charmwright (level 2, -1/23 HPs)
             Began as a Formicid Skald on May 1, 2016.
             Slain by a hobgoblin
             ... wielding a +0 club
             ... led by Robin
              (2 damage)
             ... on level 1 of the Dungeon.
             The game lasted 00:18:02 (901 turns).

Freud the Charmwright (Formicid Skald)               Turns: 901, Time: 00:18:02

Health: -1/23      AC:  3    Str: 16    XL:     2   Next: 80%
Magic:  3/5        EV: 11    Int: 11    God:
Gold:   38         SH:  0    Dex: 10    Spells: 3 memorised, 0 levels left

rFire  . . .     SeeInvis +     a - +0 falchion
rCold  . . .     Gourm    .     b - +0 leather armour
rNeg   . . .     Faith    .     (no shield)
rPois  .         Spirit   .     (helmet unavailable)
rElec  .         Dismiss  .     (no cloak)
rCorr  .         Reflect  .     (no gloves)
SustAt .         Harm     .     (no boots)
MR     .....                    (no amulet)
Stlth  +.........               (no ring)
                                (no ring)

@: shrouded, not resistant to hostile enchantments, very unstealthy
A: permanent stasis, dig shafts and tunnels, four strong arms, antennae 3
a: Dig, Shaft Self


You were on level 1 of the Dungeon.
You were not hungry.

You visited 1 branch of the dungeon, and saw 2 of its levels.

You collected 38 gold pieces.

Inventory:

Hand Weapons
 a - a +0 falchion (weapon)
Missiles
 e - 138 stones (quivered)
 h - 17 bolts
 k - 6 needles of sleeping
Armour
 b - a +0 leather armour (worn)
Scrolls
 g - a scroll of enchant weapon {unknown}
 i - 4 scrolls of identify {unknown}
 j - a scroll of teleportation {unknown}
Potions
 f - a potion of resistance {unknown}
 l - a potion of cancellation {unknown}
 n - a potion of flight {unknown}
Books
 c - a book of Battle

   Spells                             Type                      Level
   a - Infusion                       Charms                       1
   b - Shroud of Golubria             Charms/Translocation         2
   c - Song of Slaying                Charms                       2
   d - Spectral Weapon                Hexes/Charms                 3
   e - Regeneration                   Charms/Necromancy            3
Comestibles
 d - 3 bread rations
 m - 4 chunks of flesh
 o - a meat ration


   Skills:
 - Level 2.5 Fighting
 + Level 2.3 Long Blades
 - Level 1.3 Armour
 - Level 1.4 Dodging
 - Level 2.1 Spellcasting
 - Level 3.0 Charms


You couldn't memorise any spells.
You knew the following spells:

 Your Spells              Type           Power        Failure   Level  Hunger
a - Infusion              Chrm           #...         12%         1    ##.....
b - Shroud of Golubria    Chrm/Tloc      #.........   30%         2    ###....
c - Song of Slaying       Chrm           #.......     17%         2    ###....


Dungeon Overview and Level Annotations

Branches:
Dungeon (2/15)

Altars:


Innate Abilities, Weirdness & Mutations

You are under a permanent stasis effect.
You can dig through walls and to a lower floor.
Your four strong arms can wield two-handed weapons with a shield.
You have a pair of large antennae on your head (SInv).


Message History

You slash the goblin!
You kill the goblin!
The hobgoblin hits you with a club.
You see here a club.
Cast which spell? (? or * to list) Space distorts slightly along a thin shroud covering your body.
The hobgoblin hits you with a club.
* * * LOW HITPOINT WARNING * * *
You closely miss the hobgoblin.
The hobgoblin is lightly wounded.
The hobgoblin hits you with a club.
* * * LOW HITPOINT WARNING * * *
You hit the hobgoblin.
The hobgoblin is heavily wounded.
The hobgoblin hits you with a club.
* * * LOW HITPOINT WARNING * * *
You hit the hobgoblin but do no damage.
The hobgoblin is heavily wounded.
The hobgoblin hits you with a club.
You die... ..######.# #.########## #.# ...# #.# #..........# #.## .#.# #.# #.########.# #... .#.#####.# #.# #.###.## PPPPPP##.#

#.# #.#...# .......#.#### #.#
###.#.#.## .P.PPP.#....# #.##
#.........
.P.P.P......#####..#
#......##.
.PPP.P##.......g@..#
###......##.
.....P##.).#######.#
#.......###. PP.P.P##...#
#.###.......###. .P.P.P##...#
#.##............ .PPP.P.)...#
#.##........####
.P...P.....#######.##........#
.PPP.P...................#####
.....P.###............####


PPPPPP.# ############## You could see a hobgoblin.

Vanquished Creatures
  4 goblins
  A hobgoblin (D:2)
  4 kobolds
  4 bats (D:1)
  2 giant newts
15 creatures vanquished.

Notes
Turn   | Place    | Note
--------------------------------------------------------------
     0 | D:1      | Freud the Formicid Skald began the quest for the Orb.
     0 | D:1      | Reached XP level 1. HP: 16/16 MP: 3/3
   125 | D:1      | Reached skill level 1 in Dodging
   486 | D:1      | Reached XP level 2. HP: 17/23 MP: 5/5
   837 | D:2      | Learned a level 2 spell: Shroud of Golubria
   840 | D:2      | Learned a level 2 spell: Song of Slaying
   900 | D:1      | HP: 1/23 [hobgoblin/club[Robin] (4)]
   901 | D:1      | Slain by a hobgoblin

Skill      XL: |  1 |
---------------+----+-----
Dodging        | 1 |  1.4
Fighting       | |  2.5
Long Blades    | |  2.3
Armour         | |  1.3
Spellcasting   | |  2.1
Charms         | |  3.0

Action                   || total
-------------------------++-------
Melee: Falchion          ||    62
 Cast: Infusion          ||     1
       Shroud of Golubri ||     1
Armor: Leather armour    ||    22
Dodge: Dodged            ||    48
